 Dungeon Crawl Stone Soup version 0.31-a0-177-g4aa6249778 (webtiles) character file.

Game seed: 10538233172650682332

580 qw the Chopper (level 7, 0/43 HPs)
             Began as a Gargoyle Fighter on June 18, 2023.
             Was an Initiate of Okawaru.
             Slain by a scorpion (2 damage)
             ... on level 5 of the Dungeon.
             The game lasted 00:02:01 (3633 turns).

qw the Chopper (Gargoyle Fighter)                   Turns: 3633, Time: 00:02:02

Health: 0/43       AC: 13    Str: 22    XL:     7   Next: 36%
Magic:  7/7        EV:  9    Int:  8    God:    Okawaru [......]
Gold:   47         SH:  4    Dex:  9    Spells: 6/6 levels left

rFire   . . .        Y - +0 war axe
rCold   . . .        c - +0 buckler
rNeg    + . .        b - +0 scale mail
rPois   inf          (no helmet)
rElec   +            h - +0 cloak
rCorr   .            o - +0 pair of gloves
SInv    +            (no boots)
Will    .....        (no amulet) Stlth
                     m - ring of see invisible
HPRegen 0.27/turn    (no ring)
MPRegen 0.10/turn

%: no passive effects
@: no status effects
A: sickness immunity, AC +4, negative energy resistance 1, electricity
resistance, torment resistance 1, petrification resistance
a: Renounce Religion


You were on level 5 of the Dungeon.
You worshipped Okawaru.
Okawaru was noncommittal.
You visited 2 branches of the dungeon, and saw 6 of its levels.

You collected 264 gold pieces.
You spent 217 gold pieces at shops.


Innate Abilities, Weirdness & Mutations

You are immune to sickness and miasma.
Your stone body is resilient. (AC +4)
You are immune to poison.
You resist negative energy. (rN+)
You are resistant to electric shocks. (rElec)
You are resistant to unholy torment.
You are immune to petrification.


   Skills:
 - Level 4.1 Fighting
 + Level 6.7 Axes
 - Level 3.2 Armour
 - Level 1.0 Dodging
 - Level 3.2 Shields


You had 6 spell levels left.
You didn't know any spells.
Your spell library was empty.

Inventory:

Hand Weapons
 j - a +0 flail
 Y - a +0 war axe (weapon)
Armour
 b - a +0 scale mail (worn)
 c - a +0 buckler (worn)
 h - a +0 cloak (worn)
 o - a +0 pair of gloves (worn)
Jewellery
 m - a ring of see invisible (left hand)
Wands
 q - a wand of digging (7)
Scrolls
 i - 6 scrolls of identify
Potions
 a - a potion of curing
 d - 3 potions of might
 e - 2 potions of attraction
 f - a potion of magic
 k - a potion of lignification
 n - a potion of haste

Dungeon Overview and Level Annotations

Branches:
Dungeon (5/15)             Temple (1/1) D:4

Altars:
Cheibriados
Dithmenos
Elyvilon
Fedhas
Hepliaklqana
Kikubaaqudgha
Nemelex Xobeh
Okawaru
Ru
Trog
Uskayaw
Vehumet
Wu Jian
The Shining One

Shops:
D:1 [   D:2 *   D:3 ?:!!=


Message History

The troll is moderately wounded.
The troll bites you. You block the troll's attack. The troll barely misses you.
You hit the troll.
The troll is moderately wounded.
The troll barely misses you. The troll claws you but does no damage.
The troll completely misses you.
You hit the troll but do no damage.
The troll is moderately wounded.
The troll completely misses you. The troll claws you.
The troll barely misses you.
You closely miss the troll.
The troll is moderately wounded.
The troll bites you.
The troll claws you. x2; The troll barely misses you.
The troll claws you! The troll closely misses you.
3625 ||| READING scroll of teleportation.
As you read the scroll of teleportation, it crumbles to dust.
You feel strangely unstable. The troll bites you but does no damage.
The troll claws you but does no damage. The troll claws you.
You slash the troll!
The troll is heavily wounded.
You block the troll's attack. The troll barely misses you.
The troll claws you but does no damage.
You barely miss the troll.
The troll is heavily wounded.
Your surroundings suddenly seem different.
A scorpion comes into view.
Enter note: You block the scorpion's attack.
You hit the scorpion.
The scorpion is moderately wounded.
The scorpion stings you.
You hit the scorpion but do no damage.
The scorpion is moderately wounded.
The scorpion stings you but does no damage.
You hit the scorpion.
The scorpion is severely wounded.
The scorpion stings you but does no damage.
The scorpion stings you.
You die...

#.#
#.#
#.#
#.#
#.#
#.#
#s#
#@#
#.# #.
#.. ..
####
). ##
######
.....#
.###.#


You could see a scorpion.

Vanquished Creatures
  Sigmund (D:2)
  An ice beast (D:4)
  Blork the orc (D:4)
  A scorpion (D:5)
  A jelly (D:4)
  An iguana (D:4)
  3 adders
  A shadow imp (D:5)
  2 ufetubi
  A worm (D:3)
  3 dart slugs
  12 ball pythons
  4 bats
  2 bat zombies (D:4)
  8 endoplasms
  13 giant cockroaches
  10 goblins
  5 hobgoblins
  2 jackals (D:3)
  A quokka (D:4)
  4 frilled lizards
  5 kobolds
  8 rats
  A rat zombie (D:4)
91 creatures vanquished.

Notes
Turn   | Place    | Note
-------+----------+-------------------------------------------
     0 | D:1      | qw the Gargoyle Fighter began the quest for the Orb.
     0 | D:1      | Reached XP level 1. HP: 14/14 MP: 1/1
     0 | D:1      | 0 ||| qw: Version: 0.3-a-5-g6f28e65
     0 | D:1      | 0 ||| qw: Game counter: 591
     0 | D:1      | 0 ||| qw: Always use a shield: true
     0 | D:1      | 0 ||| qw: God list: Okawaru
     0 | D:1      | 0 ||| qw: Allow faded altars: false
     0 | D:1      | 0 ||| qw: Do Orc after D:15 true
     0 | D:1      | 0 ||| qw: Do second Lair branch before Depths: true
     0 | D:1      | 0 ||| qw: Lair rune preference: random
     0 | D:1      | 0 ||| qw: Plans: Normal, Zot:1-4, Slime:5, God:TSO, Crypt,
                  | Tomb, Abyss, Pan, Hells, Win
     0 | D:1      | 0 ||| PLANNING D:1-11
    34 | D:1      | Reached skill level 2 in Axes
   106 | D:1      | Reached XP level 2. HP: 13/19 MP: 2/2
   183 | D:1      | 183 ||| DROPPING +0 club.
   241 | D:1      | 241 ||| Stepping ~*~*~tactically~*~*~ (stealth).
   382 | D:1      | 382 ||| DROPPING +0 whip.
   476 | D:1      | Found Kugrul's Armour Shoppe.
   479 | D:1      | 479 ||| SHOPLISTING +0 chain mail (58 gold, have 49).
   479 | D:1      | 479 ||| SHOPLISTING +0 helmet (58 gold, have 49).
   479 | D:1      | 479 ||| SHOPLISTING +0 plate armour (299 gold, have 49).
   479 | D:1      | 479 ||| SHOPLISTING +0 shadow dragon scales (1040 gold,
                  | have 49).
   479 | D:1      | 479 ||| SHOPLISTING +1 helmet (149 gold, have 49).
   479 | D:1      | 479 ||| SHOPLISTING +2 scale mail of willpower (273 gold,
                  | have 49).
   479 | D:1      | 479 ||| SHOPLISTING +4 scale mail of Raziag {rF+ rN+++
                  | Will+++ Str-2 Dex-5} (939 gold, have 49).
   506 | D:1      | 506 ||| DROPPING +0 mace.
   531 | D:1      | Reached skill level 3 in Axes
   556 | D:1      | Reached XP level 3. HP: 21/23 MP: 3/3
   728 | D:1      | 728 ||| DROPPING scarf of harm.
   729 | D:1      | 729 ||| READING scroll labelled ZAFUTOKLEC.
   730 | D:1      | 730 ||| READING 4 scrolls labelled ADERRIXTAN.
   831 | D:1      | 831 ||| READING 2 scrolls labelled QETSUQ ZYCI.
   832 | D:1      | 832 ||| DRINKING 2 brown potions.
   833 | D:1      | 833 ||| DROPPING 3 scrolls of silence.
   834 | D:1      | 834 ||| DROPPING potion of brilliance.
   855 | D:2      | Noticed Sigmund
   867 | D:2      | Killed Sigmund
   868 | D:2      | Reached skill level 5 in Axes
   868 | D:2      | Reached XP level 4. HP: 10/28 MP: 4/4
   868 | D:2      | Reached XP level 5. HP: 11/32 MP: 5/5
  1035 | D:2      | Found Bocox's General Store.
  1049 | D:2      | 1049 ||| BUYING +0 cloak (45 gold).
  1049 | D:2      | Bought a +0 cloak for 45 gold pieces
  1049 | D:2      | 1049 ||| BUYING potion of lignification (30 gold).
  1049 | D:2      | Bought a potion of lignification for 30 gold pieces
  1049 | D:2      | 1049 ||| BUYING scroll of identify (20 gold).
  1049 | D:2      | Bought a scroll of identify for 20 gold pieces
  1068 | D:2      | Found a faded altar of an unknown god.
  1261 | D:2      | 1261 ||| Stepping ~*~*~tactically~*~*~ (stealth).
  1281 | D:2      | 1281 ||| Stepping ~*~*~tactically~*~*~ (stealth).
  1282 | D:2      | 1282 ||| Stepping ~*~*~tactically~*~*~ (stealth).
  1303 | D:2      | 1303 ||| Stepping ~*~*~tactically~*~*~ (stealth).
  1364 | D:2      | 1364 ||| UPGRADING to +0 cloak.
  1369 | D:2      | 1369 ||| READING scroll labelled ATIFFOR GEHETT.
  1370 | D:2      | 1370 ||| READING scroll labelled ORIK FEOVVI.
  1375 | D:2      | 1375 ||| DRINKING 2 fuming brown potions.
  1376 | D:2      | 1376 ||| READING 5 scrolls of identify.
  1376 | D:2      | 1376 ||| IDENTIFYING fizzy coppery potion
  1377 | D:2      | 1377 ||| READING 4 scrolls of identify.
  1377 | D:2      | 1377 ||| IDENTIFYING ruby potion
  1378 | D:2      | 1378 ||| DROPPING potion of berserk rage.
  1406 | D:3      | Found Myohut's Distillery.
  1415 | D:3      | 1415 ||| BUYING potion of attraction (36 gold).
  1415 | D:3      | Bought a potion of attraction for 36 gold pieces
  1415 | D:3      | 1415 ||| SHOPLISTING potion of curing (36 gold, have 27).
  1415 | D:3      | 1415 ||| SHOPLISTING potion of enlightenment (60 gold, have
                  | 27).
  1415 | D:3      | 1415 ||| SHOPLISTING potion of haste (120 gold, have 27).
  1415 | D:3      | 1415 ||| SHOPLISTING potion of heal wounds (60 gold, have
                  | 27).
  1415 | D:3      | 1415 ||| SHOPLISTING potion of lignification (36 gold, have
                  | 27).
  1415 | D:3      | 1415 ||| SHOPLISTING potion of might (48 gold, have 27).
  1437 | D:3      | 1437 ||| Stepping ~*~*~tactically~*~*~ (stealth).
  1510 | D:3      | Reached XP level 6. HP: 37/38 MP: 6/6
  1607 | D:3      | Found Iplah's Magic Scroll Shop.
  1617 | D:3      | 1617 ||| SHOPLISTING scroll of brand weapon (133 gold, have
                  | 79).
  1617 | D:3      | 1617 ||| SHOPLISTING scroll of enchant armour (105 gold,
                  | have 79).
  1617 | D:3      | 1617 ||| BUYING scroll of identify (28 gold).
  1617 | D:3      | Bought a scroll of identify for 28 gold pieces
  1617 | D:3      | 1617 ||| BUYING scroll of identify (28 gold).
  1617 | D:3      | Bought a scroll of identify for 28 gold pieces
  1617 | D:3      | 1617 ||| SHOPLISTING scroll of identify (28 gold, have 23).
  1617 | D:3      | 1617 ||| SHOPLISTING scroll of teleportation (42 gold, have
                  | 23).
  1739 | D:3      | 1739 ||| Stepping ~*~*~tactically~*~*~ (stealth).
  1755 | D:3      | Found Punlacog's Jewellery Shoppe.
  1763 | D:3      | 1763 ||| SHOPLISTING +5 ring of evasion (360 gold, have
                  | 23).
  1763 | D:3      | 1763 ||| SHOPLISTING +6 ring of strength (360 gold, have
                  | 23).
  1763 | D:3      | 1763 ||| SHOPLISTING amulet of reflection (300 gold, have
                  | 23).
  1763 | D:3      | 1763 ||| SHOPLISTING amulet of regeneration (300 gold, have
                  | 23).
  1763 | D:3      | 1763 ||| SHOPLISTING ring of Geajot {Ice rPois Int+2} (404
                  | gold, have 23).
  1763 | D:3      | 1763 ||| SHOPLISTING ring of fire (250 gold, have 23).
  1763 | D:3      | 1763 ||| SHOPLISTING ring of protection from cold (250
                  | gold, have 23).
  1775 | D:3      | Found a white marble altar of Elyvilon.
  1883 | D:3      | Found Vuival's Distillery.
  1891 | D:3      | 1891 ||| BUYING potion of attraction (30 gold).
  1891 | D:3      | Bought a potion of attraction for 30 gold pieces
  1891 | D:3      | 1891 ||| SHOPLISTING potion of curing (30 gold, have 6).
  1891 | D:3      | 1891 ||| SHOPLISTING potion of might (40 gold, have 6).
  1891 | D:3      | 1891 ||| SHOPLISTING potion of mutation (80 gold, have 6).
  1909 | D:3      | Found Yxzaphin's Book Emporium.
  1916 | D:3      | 1916 ||| UPGRADING to ring of see invisible.
  2171 | D:3      | 2171 ||| READING scroll labelled INELOCZUWI.
  2172 | D:3      | 2172 ||| READING scroll labelled HUKUAZXUMN.
  2173 | D:3      | 2173 ||| READING scroll labelled TEETYSM CAKH.
  2174 | D:3      | 2174 ||| READING 7 scrolls of identify.
  2174 | D:3      | 2174 ||| IDENTIFYING emerald potion
  2235 | D:4      | Found a staircase to the Ecumenical Temple.
  2236 | D:4      | 2236 ||| PLANNING TEMPLE
  2236 | D:4      | 2236 ||| READING 6 scrolls of identify.
  2236 | D:4      | 2236 ||| IDENTIFYING glowing orange potion
  2237 | D:4      | 2237 ||| DROPPING potion of ambrosia.
  2246 | Temple   | Entered the Ecumenical Temple
  2308 | Temple   | 2308 ||| PLANNING OKAWARU WORSHIP
  2346 | Temple   | Became a worshipper of Warmaster Okawaru
  2347 | Temple   | 2347 ||| PLANNING D:1-11
  2381 | D:4      | 2381 ||| Stepping ~*~*~tactically~*~*~ (stealth).
  2428 | D:4      | Reached skill level 1 in Dodging
  2509 | D:4      | 2509 ||| Stepping ~*~*~tactically~*~*~ (stealth).
  2576 | D:4      | Found an ancient bone altar of Kikubaaqudgha.
  2662 | D:4      | Noticed Blork the orc
  2664 | D:4      | 2664 ||| Stepping ~*~*~tactically~*~*~ (hiding).
  2665 | D:4      | 2665 ||| Stepping ~*~*~tactically~*~*~ (hiding).
  2678 | D:4      | Killed Blork the orc
  2757 | D:4      | 2757 ||| Stepping ~*~*~tactically~*~*~ (hiding).
  2759 | D:4      | 2759 ||| Stepping ~*~*~tactically~*~*~ (hiding).
  2760 | D:4      | 2760 ||| Stepping ~*~*~tactically~*~*~ (hiding).
  2761 | D:4      | 2761 ||| Stepping ~*~*~tactically~*~*~ (hiding).
  2763 | D:4      | 2763 ||| Stepping ~*~*~tactically~*~*~ (hiding).
  3028 | D:4      | Noticed an ice beast
  3038 | D:4      | Killed an ice beast
  3039 | D:4      | Reached skill level 6 in Axes
  3039 | D:4      | Reached XP level 7. HP: 43/43 MP: 7/7
  3346 | D:4      | 3346 ||| UPGRADING to +0 pair of gloves.
  3351 | D:4      | 3351 ||| READING scroll labelled MOYMUXEPRE.
  3352 | D:4      | 3352 ||| READING scroll labelled SEBBAL WUGAQ.
  3374 | D:5      | Entered Level 5 of the Dungeon
  3580 | D:5      | Reached * piety under Okawaru
  3612 | D:5      | Noticed a troll
  3624 | D:5      | HP: 7/43 [troll (10)]
  3625 | D:5      | 3625 ||| READING scroll of teleportation.
  3625 | D:5      | HP: 2/43 [troll (5)]
  3631 | D:5      | HP: 2/43 [scorpion (2)]
  3633 | D:5      | Slain by a scorpion

Levels and vault maps discovered:
D:1:      scummos_arrival_simple_fountains, layout_basic, serial_shops,
          nicolae_shop_tiny_real_fake_doors, minmay_misc_feat_ornament
D:2:      minmay_roachtagon, layout_rooms, serial_shops, shop,
          hellmonk_ecumenical_altar_slurped_away, uniq_sigmund
D:3:      layout_loops_ring, elyvilon_altar_4, serial_shops, shop,
          nicolae_shop_peninsula, shop, shop, nicolae_book_shop_shelving,
          kennysheep_generic_room_3
D:4:      layout_loops_ring, lemuel_zombie_altar_kikubaaqudgha,
          minmay_temple_entry_drinking_statues, uniq_blork_the_orc
D:5:      layout_loops_ring, tgw_sif, kennysheep_doodads, amethyst_killhole,
          grunt_ministairs_12, moated_statue
Temple:   nicolae_temple_godzebo

Skill      XL: |  1  2  3  4  5  6 |
---------------+-------------------+-----
Axes           | 2 3 5 6 |  6.7
Fighting       | 4 |  4.1
Dodging        | 1 |  1.0
Armour         | |  3.2
Shields        | |  3.2

Action                     |  1- 3 |  4- 6 |  7- 9 || total
---------------------------+-------+-------+-------++-------
  Melee: War axe           |    84 |   198 |    41 ||   323
    Use: Scroll            |     3 |     9 |     3 ||    15
         Potion            |     1 |     1 |       ||     2
 Armour: Scale mail        |    40 |   130 |    20 ||   190
  Dodge: Dodged            |    34 |   123 |    24 ||   181
  Block: Buckler           |    12 |    38 |     9 ||    59

Table legend:
 A = Non-vault XP
 B = Vault XP
 C = Vault XP percentage of total XP
 D = Non-vault monster count
 E = Vault monster count
 F = Vault count percentage of total count
                 A         B        C        D         E       F
            +---------+---------+-------+---------+---------+-------
      Total |     474 |     355 |  42.8 |      75 |      16 |  17.6
            +---------+---------+-------+---------+---------+-------
        D:1 |      41 |       0 |   0.0 |      25 |       0 |   0.0
        D:2 |      24 |     246 |  91.1 |      14 |      11 |  44.0
        D:3 |      40 |       2 |   4.8 |      12 |       1 |   7.7
        D:4 |     265 |     107 |  28.8 |      21 |       4 |  16.0
        D:5 |     104 |       0 |   0.0 |       3 |       0 |   0.0
            +---------+---------+-------+---------+---------+-------
